AoeStats
← RenHar

Oasis

507514576Analyzed
2v2 RM · 13d ago on Sep 18, 2026· 47m 48s· 4 players
Game mode
Random Map
Map size
Medium (4 player)
Population
200
Speed
Normal
Resources
Standard
Victory
Conquest
Starting age
Dark Age
Ending age
Imperial Age
RankedLock teamsTeams togetherTeam positionsShared explorationLock speedFull tech treeHidden civsTurbo modeCheats
Victory
Defeat
🇰🇷 Mongols · South Korea
865
+15
🇰🇷 Poles · South Korea
856
+15
🇦🇷 Huns · Argentina
866
-16
🇩🇪 Gurjaras · Germany
807
-14
blackbean
13:05 Feudal Age
26:51 Wheelbarrow
26:32 Double-Bit Axe
26:43 Horse Collar
34:44 Castle Age
33:33 Bloodlines
35:47 Hand Cart
40:39 Husbandry
40:25 Treadmill Crane
41:34 Bow Saw
41:43 Heavy Plow
42:18 Szlachta Privileges
44:52 Imperial Age
43:45 Gold Mining
43:46 Stone Mining
47:19 Conscription
49:24 Chemistry
48:45 Ballistics
씨이불련들
9:03 Loom
10:48 Feudal Age
11:36 Horse Collar
11:42 Double-Bit Axe
17:18 Castle Age
17:38 Gold Mining
21:43 Heavy Plow
22:53 Bow Saw
24:35 Forging
24:30 Scale Barding Armor
24:56 Stone Mining
25:02 Fletching
25:14 Padded Archer Armor
29:26 Iron Casting
29:11 Chain Barding Armor
33:47 Nomads
35:05 Bloodlines
34:55 Husbandry
37:12 Bodkin Arrow
43:03 Imperial Age
41:10 Wheelbarrow
42:54 Leather Archer Armor
43:06 Light Cavalry
44:15 Bracer
44:36 Chain Barding Armor
45:09 Conscription
44:19 Hussar
48:09 Ballistics
PROtektorKaiser
0:32 Loom
11:16 Feudal Age
11:49 Double-Bit Axe
12:52 Wheelbarrow
12:00 Horse Collar
20:20 Castle Age
18:56 Gold Mining
23:12 Gold Shaft Mining
22:40 Heavy Plow
22:54 Bow Saw
26:44 Forging
26:41 Scale Barding Armor
26:49 Stone Mining
28:06 Husbandry
29:29 Bloodlines
29:59 Iron Casting
32:15 Hand Cart
33:38 Scale Mail Armor
34:59 Light Cavalry
39:36 Imperial Age
38:48 Fletching
39:20 Chain Barding Armor
39:41 Elite Skirmisher
41:06 Crop Rotation
42:54 Bodkin Arrow
44:31 Bracer
45:54 Conscription
46:58 Plate Barding Armor
RenHar
8:40 Loom
11:08 Feudal Age
17:12 Fletching
Connection lost

Rejoining the realm…

Still unreachable

The connection could not be restored.

Session expired

The server has moved on; the page needs a fresh start.